 Dungeon Sprint DCSS version 0.21.0-24-g2553a33 (webtiles) character file.

3084 letownia2 the Grappler (level 9, -1/96 HPs)
             Began as a Troll Wizard on Jan 20, 2018.
             Was an Initiate of Gozag.
             Slain by Dowan
             ... wielding a +1 morningstar of distortion
              (18 damage)
             ... in the Dungeon (Sprint III: "The Ten Rune Challenge").
             The game lasted 00:05:55 (1014 turns).

letownia2 the Grappler (Troll Wizard)               Turns: 1014, Time: 00:05:55

Health: -1/96      AC:  6    Str: 17    XL:     9   Next: 58%
Magic:  1/14       EV: 10    Int: 17    God:    Gozag
Gold:   1696       SH:  0    Dex:  8    Spells: 6/17 levels left

rFire    . . .     SeeInvis .     - Unarmed
rCold    . . .     Gourm    +   (no shield)
rNeg     . . .     Faith    .   l - +1 robe {MR+}
rPois    .         Spirit   .   b - +0 hat
rElec    .         Reflect  .   (no cloak)
rCorr    .         Harm     .   (gloves unavailable)
MR       +....     NoTele   +   (boots unavailable)
Stlth    +.........             (no amulet)
HPRegen  0.66/turn              (no ring)
MPRegen  0.14/turn              (no ring)

@: lethally poisoned (-1 -> -1), slowed, very slow
A: large, unfitting armour, claws 3, fast metabolism 3, gourmand, regeneration
1, shaggy fur 1, tough skin 2
a: Potion Petition, Call Merchant, Bribe Branch, Renounce Religion


You were in the Dungeon.
You worshipped Gozag.
Gozag was most pleased with you.
You were not hungry.

You visited 1 branch You collected 1696 gold pieces.

Inventory:

Missiles
 v - 9 throwing nets (quivered)
Armour
 a - a +0 robe
 b - a +0 hat (worn)
 l - a +1 robe of magic resistance (worn)
Wands
 r - a wand of acid (7)
 u - a wand of paralysis (22)
Scrolls
 j - a scroll of blinking
 m - 2 scrolls of holy word {unknown}
 n - 3 scrolls of identify
 o - 2 scrolls of remove curse {unknown}
Potions
 e - a potion of curing
 f - a potion of heal wounds
 g - a potion of haste
 h - 2 potions of magic
 i - 2 potions of berserk rage
 k - 4 potions of mutation
 p - a potion of degeneration {unknown}
 q - 3 potions of flight
 s - a potion of might
Books
 c - a book of Minor Magic

   Spells                             Type                      Level
   a - Magic Dart                     Conjuration                  1
   b - Blink                          Translocation                2
   c - Call Imp                       Summoning                    2
   d - Slow                           Hexes                        2
   e - Conjure Flame                  Conjuration/Fire             3
   f - Mephitic Cloud                 Conjuration/Poison/Air       3
 t - a book of Burglary

   Spells                             Type                      Level
   a - Swiftness                      Charms/Air                   2
   b - Passwall                       Transmutation/Earth          2
   c - Passage of Golubria            Translocation                4
   d - Lee's Rapid Deconstruction     Earth                        5
   e - Darkness                       Hexes                        6
   f - Invisibility                   Hexes                        6
Comestibles
 d - 5 rations


   Skills:
 + Level 7.9 Fighting
 - Level 3.1 Dodging
 - Level 1.0 Stealth
 - Level 14.4 Unarmed Combat
 - Level 4.6 Spellcasting
 - Level 4.1 Conjurations
   Level 0.6 Summonings
 - Level 2.1 Translocations
 - Level 4.1 Fire Magic
 - Level 3.6 Air Magic
 - Level 4.2 Poison Magic


You had 6 spell levels left.
You knew the following spells:

 Your Spells              Type           Power        Failure   Level  Hunger
a - Magic Dart            Conj           ###.         2%          1    None
b - Blink                 Tloc           N/A          9%          2    ##.....
c - Conjure Flame         Conj/Fire      ###.....     9%          3    ###....
e - Mephitic Cloud        Conj/Pois/Air  ###.....     9%          3    ###....
s - Swiftness             Chrm/Air       ##......     11%         2    ##.....


Dungeon Overview and Level Annotations

Branches:
Dungeon (1/1)

Altars:
Cheibriados
Dithmenos
Elyvilon
Fedhas
Gozag
Hepliaklqana
Kikubaaqudgha
Makhleb
Nemelex Xobeh
Okawaru
Qazlal
Ru
Sif Muna
Trog
Uskayaw
Vehumet
Wu Jian
Xom
Yredelemnul
Zin
The Shining One
Beogh
Jiyva
Lugonu

Annotations:
D Dowan, Duvessa


Innate Abilities, Weirdness & Mutations

You are too large for most types of armour.
You have claws for hands.
Your metabolism is lightning-fast.
You like to eat raw meat.
Your natural rate of healing is unusually fast.
You are covered in fur. (AC +1)
You have very tough skin. (AC +2)


Message History

Dowan is severely wounded.
Dowan blinks!
Unknown command.
Casting: Mephitic Cloud
Confirm with . or Enter, or press ? or * to list all spells.
Aiming: Mephitic Cloud
Press: ? - help, Shift-Dir - straight line, f - Dowan
Aim: Dowan, wielding a morningstar of distortion (severely wounded)
The ball explodes into a vile cloud!
The stinking cloud engulfs Dowan.
Dowan is severely wounded.
You feel sick.
Dowan is engulfed in noxious fumes.
Unknown command.
Unknown command.
Unknown command.
You feel sick.
Dowan is engulfed in noxious fumes.
Dowan hits you with a morningstar of distortion.
* * * LOW HITPOINT WARNING * * *
Space warps horribly around you!
You die...
Your body crumbles into a pile of gold.

#.)..#.#.#.....#......+
##.#.)#.##.###.#......#
'##.#.#.##.#))##......#
#..)#..#..##..'.......#
▓▓▓▓▓▓▓▓▓▓▓▓▓▓#.......#
.ff.....≈≈≈...#.......#
≈≈≈≈≈≈≈≈≈≈♣♣..'.......#
♣♣♣♣♣♣♣♣♣♣♣♣..#.§e....#
♣♣♣##@###### #.e§+
$$#..§# #..§# #####


You could see Duvessa (confused) and Dowan.

Vanquished Creatures
  Erolcha (D)
  A deep elf mage (D)
  2 redbacks (D)
  A shadow (D)
  3 wandering mushrooms (D)
  A spatial vortex (D)
  A necrophage (D)
  5 two-headed ogres (D)
  A water elemental (D)
  A scorpion (D)
  A jelly (D)
  A wizard (D)
  Jessica (D)
  A necromancer (D)
  3 humans (D)
  A kobold demonologist (D)
  2 oozes (D)
  A rat (D)
  2 plants (D)
30 creatures vanquished.

Vanquished Creatures (others)
  2 draconian scorchers (D)
  2 hydras (D)
  6 hellions (D)
  A yaktaur (D)
  A ballistomycete spore (D)
  3 plants (D)
15 creatures vanquished.

Grand Total: 45 creatures vanquished

Notes
Turn   | Place    | Note
-------+----------+-------------------------------------------
     0 | D        | letownia2 the Troll Wizard began the quest for the Orb.
     0 | D        | Reached XP level 1. HP: 16/16 MP: 2/2
    14 | D        | Reached skill level 1 in Fighting
    14 | D        | Reached skill level 2 in Unarmed Combat
    17 | D        | Reached skill level 3 in Unarmed Combat
    17 | D        | Reached XP level 2. HP: 24/28 MP: 4/4
    30 | D        | Noticed Jessica
    39 | D        | Killed Jessica
    39 | D        | Reached skill level 4 in Unarmed Combat
    39 | D        | Reached XP level 3. HP: 34/35 MP: 6/6
    44 | D        | Learned a level 3 spell: Mephitic Cloud
    48 | D        | Learned a level 3 spell: Conjure Flame
   108 | D        | Killed a hellion
   108 | D        | Killed a hellion
   120 | D        | Killed a yaktaur
   138 | D        | Reached skill level 1 in Conjurations
   152 | D        | Noticed a scorpion
   160 | D        | Killed a scorpion
   160 | D        | Reached skill level 5 in Unarmed Combat
   160 | D        | Reached skill level 1 in Fire Magic
   160 | D        | Reached skill level 1 in Air Magic
   160 | D        | Reached skill level 1 in Poison Magic
   160 | D        | Reached XP level 4. HP: 30/42 MP: 7/7
   171 | D        | Killed a white draconian scorcher
   184 | D        | Killed a white draconian scorcher
   184 | D        | Killed a hellion
   185 | D        | Killed a hellion
   185 | D        | Killed a hellion
   186 | D        | Killed a hellion
   190 | D        | Noticed a water elemental
   193 | D        | Killed a water elemental
   193 | D        | Reached XP level 5. HP: 37/49 MP: 4/9
   237 | D        | Found a glowing silver altar of Zin.
   237 | D        | Found a glowing golden altar of the Shining One.
   237 | D        | Found a white marble altar of Elyvilon.
   237 | D        | Noticed a deep elf mage
   239 | D        | Noticed an ice beast
   253 | D        | Killed a deep elf mage
   253 | D        | Reached skill level 7 in Unarmed Combat
   253 | D        | Reached XP level 6. HP: 5/57 MP: 4/11
   253 | D        | Reached XP level 7. HP: 6/63 MP: 4/12
   362 | D        | Noticed a shadow
   367 | D        | Killed a shadow
   367 | D        | Reached skill level 9 in Unarmed Combat
   372 | D        | Learned a level 2 spell: Blink
   379 | D        | Found a blossoming altar of Fedhas.
   379 | D        | Found a stormy altar of Qazlal.
   379 | D        | Found a snail-covered altar of Cheibriados.
   379 | D        | Found a burning altar of Makhleb.
   379 | D        | Found a shimmering altar of Xom.
   380 | D        | Found a hazy altar of Hepliaklqana.
   380 | D        | Found an opulent altar of Gozag.
   380 | D        | Found a sparkling altar of Nemelex Xobeh.
   380 | D        | Found a corrupted altar of Lugonu.
   380 | D        | Found a viscous altar of Jiyva.
   380 | D        | Noticed a spatial vortex
   384 | D        | Became a worshipper of Gozag Ym Sagoz the Greedy
   393 | D        | Killed a spatial vortex
   393 | D        | Reached skill level 1 in Translocations
   416 | D        | Reached skill level 10 in Unarmed Combat
   428 | D        | Reached XP level 8. HP: 29/75 MP: 5/13
   494 | D        | Noticed a two-headed ogre
   527 | D        | Killed a two-headed ogre
   527 | D        | Reached skill level 11 in Unarmed Combat
   537 | D        | Found a shadowy altar of Dithmenos.
   541 | D        | Found a basalt altar of Yredelemnul.
   541 | D        | Found a sacrificial altar of Ru.
   549 | D        | Found a hide-covered altar of Uskayaw.
   549 | D        | Found an iron altar of Okawaru.
   550 | D        | Found a roughly hewn altar of Beogh.
   550 | D        | Found a bloodstained altar of Trog.
   550 | D        | Found an ornate altar of the Wu Jian Council.
   554 | D        | Reached skill level 12 in Unarmed Combat
   578 | D        | Found a radiant altar of Vehumet.
   578 | D        | Found a deep blue altar of Sif Muna.
   578 | D        | Found an ancient bone altar of Kikubaaqudgha.
   601 | D        | Learned a level 2 spell: Swiftness
   631 | D        | Noticed a two-headed ogre
   631 | D        | Noticed Erolcha
   635 | D        | Killed Erolcha
   635 | D        | Reached skill level 14 in Unarmed Combat
   635 | D        | Reached XP level 9. HP: 83/83 MP: 9/14
   645 | D        | Killed a two-headed ogre
   645 | D        | Reached skill level 5 in Fighting
   835 | D        | Noticed a wandering mushroom
   843 | D        | Noticed a wandering mushroom
   872 | D        | Noticed a wandering mushroom
   886 | D        | Noticed Duvessa
   890 | D        | Killed a four-headed hydra
   895 | D        | Killed a seven-headed hydra
  1003 | D        | Noticed Dowan
  1014 | D        | Slain by Dowan

Skill      XL: |  1  2  3  4  5  6  7  8  9 |
---------------+----------------------------+-----
Fighting       | 1 3 7 |  7.9
Unarmed Combat | 3 4 5 7 10 14 | 14.4
Spellcasting   | 3 4 |  4.6
Conjurations   | 1 2 4 |  4.1
Fire Magic     | 1 2 4 |  4.1
Air Magic      | 1 2 3 |  3.6
Poison Magic   | 1 2 4 |  4.2
Translocations | 2 |  2.1
Dodging        | 3 |  3.1
Stealth        | |  1.0
Summonings     | |  0.6

Action                   |  1- 3 |  4- 6 |  7- 9 || total
-------------------------+-------+-------+-------++-------
Melee: Unarmed           |    41 |    14 |    94 ||   149
       Punch             |       |       |     5 ||     5
 Cast: Conjure Flame     |       |     1 |     4 ||     5
       Mephitic Cloud    |       |     1 |    12 ||    13
       Blink             |       |       |     6 ||     6
 Stab: Sleeping          |     2 |       |       ||     2
       Confused          |       |     1 |     5 ||     6
  Eat: Chunk             |     3 |       |     4 ||     7
       Ration            |       |       |     1 ||     1
Armor: Robe              |     8 |     6 |     4 ||    18
Dodge: Dodged            |    17 |     3 |    17 ||    37
